 Dungeon Crawl Stone Soup version 0.29.1-13-g9f3cf754e1 (webtiles) character file.

Game seed: 6194093992671423889

121 MacCMillion the Digger (level 5, -4/28 HPs)
             Began as a Gargoyle Earth Elementalist on Jan 22, 2023.
             Slain by a gnoll
             ... wielding a +0 spear
             ... led by a gnoll bouda
              (8 damage)
             ... on level 4 of the Dungeon.
             The game lasted 00:04:13 (2568 turns).

MacCMillion the Digger (GrEE)                       Turns: 2568, Time: 00:04:13

Health: -4/28      AC:  8    Str: 12    XL:     5   Next: 5%
Magic:  0/8        EV: 11    Int: 17    God:
Gold:   163        SH:  0    Dex: 10    Spells: 4/8 levels left

rFire   . . .      SeeInvis .   e - +10 sling "Qatiest" {freeze, Fragile rPois rC+}
rCold   + . .      Faith    .   (no shield)
rNeg    + . .      Spirit   .   a - +0 robe
rPois   ∞          Reflect  .   p - +0 helmet
rElec   +          Harm     .   (no cloak)
rCorr   .          Rampage  .   w - +0 pair of gloves
Will    .....                   (no boots)
Stlth   ++........              (no amulet)
HPRegen 0.09/turn               (no ring)
MPRegen 0.11/turn               (no ring)

@: no status effects
A: sickness immunity, AC +4, negative energy resistance 1, electricity
resistance, torment resistance 1, petrification resistance
a: no special abilities


You were on level 4 of the Dungeon.
You visited 1 branch of the dungeon, and saw 4 of its levels.

You collected 163 gold pieces.

Inventory:

Hand Weapons
 e - the +10 sling "Qatiest" (weapon) {freeze, Fragile rPois rC+}
   (You found it on level 1 of the Dungeon)

   Any ammunition fired from it freezes those it strikes, dealing additional
   cold damage.
   It can also slow down cold-blooded creatures.
   rC:        It protects you from cold.
   rPois:     It protects you from poison.
   Fragile:   It will be destroyed if unequipped.
Armour
 a - a +0 robe (worn)
 m - a +2 buckler of positive energy
 p - a +0 helmet (worn)
 w - a +0 pair of gloves (worn)
Jewellery
 i - a ring of willpower
Scrolls
 c - 2 scrolls of identify {unknown}
 d - a scroll of enchant weapon {unknown}
 f - a scroll of torment {unknown}
 g - 5 scrolls of teleportation {unknown}
 h - a scroll of blinking {unknown}
 j - a scroll of vulnerability {unknown}
 l - a scroll of amnesia {unknown}
 n - 3 scrolls of poison {unknown}
 q - 5 scrolls of immolation {unknown}
Potions
 b - a potion of magic
 k - a potion of mutation {unknown}
 o - a potion of heal wounds {unknown}
 r - a potion of curing {unknown}
 s - a potion of attraction {unknown}
 t - a potion of degeneration {unknown}
 u - a potion of cancellation {unknown}
 v - 2 potions of might {unknown}
 x - a potion of brilliance {unknown}


   Skills:
 - Level 1.5 Dodging
 - Level 2.2 Stealth
 - Level 2.0 Spellcasting
 + Level 2.5 Conjurations
 - Level 0.7 Transmutations
 + Level 5.9 Earth Magic


You had 4 spell levels left.
You knew the following spells:

 Your Spells              Type           Power      Damage    Failure   Level
a - Sandblast             Erth           42%        2d11      1%          1
b - Stone Arrow           Conj/Erth      32%        3d9       11%         3

Your spell library contained the following spells:

 Spells                   Type           Power      Damage    Failure   Level
 Passwall                 Tmut/Erth      10%        N/A       8%          2
 Sting                    Tmut/Pois      8%         1d3       17%         1
 Apportation              Tloc           2%         N/A       19%         1
 Necrotise                Necr           4%         1d4       19%         1
 Summon Small Mammal      Summ           4%         N/A       19%         1
 Poisonous Vapours        Pois/Air       2%         N/A       28%         2
 Petrify                  Tmut/Erth      13%        N/A       43%         4
 Olgreb's Toxic Radiance  Pois           1%         N/A       88%         4
 Irradiate                Conj/Tmut      3%         3d12      95%         5
 Sublimation of Blood     Necr           Unusable   N/A       N/A         2

Dungeon Overview and Level Annotations

Branches:
Dungeon (4/15)
 Temple: D:4-7

Altars:
Gozag
Nemelex Xobeh
Qazlal

Shops:
D:2 (


Innate Abilities, Weirdness & Mutations

You are immune to sickness and miasma.
Your stone body is resilient. (AC +4)
You are immune to poison.
You resist negative energy. (rN+)
You are resistant to electric shocks. (rElec)
You are resistant to unholy torment.
You are immune to petrification.


Message History

The blast of sand hits the gnoll bouda.
The gnoll bouda is almost dead.
The gnoll bouda hits you with a +0 club.
The gnoll barely misses you.
The gnoll bouda utters an invocation to its god.
The gnoll bouda is healed somewhat.
The gnoll barely misses you.
Unknown command.
Aiming: Sandblast (safe; 1% risk of failure)
Press: ? - help, Q - select action, (/) - cycle Shift-Dir - straight line, f/p - gnoll bouda
Aim: a gnoll bouda, wielding a +0 club and wearing a +0 leather armour (heavily wounded, 85% to hit)
The blast of sand hits the gnoll bouda.
The gnoll bouda is almost dead.
The gnoll completely misses you.
The gnoll bouda hits you with a +0 club.
The gnoll closely misses you. The gnoll hits you but does no damage.
Unknown command.
Aiming: Sandblast (safe; 1% risk of failure)
Press: ? - help, Q - select action, (/) - cycle Shift-Dir - straight line, f/p - gnoll bouda
Aim: a gnoll bouda, wielding a +0 club and wearing a +0 leather armour (almost dead, 85% to hit)
The blast of sand misses the gnoll bouda.
The gnoll is no longer moving quickly.
The gnoll bouda barks out a call to the hunt!
The gnoll picks up the pace!
The gnoll hits you from afar with a +0 spear.
The gnoll barely misses you.
The gnoll bouda hits you with a +0 club.
The gnoll closely misses you. The gnoll barely misses you.
Unknown command.
The gnoll attacks as you move away! The gnoll hits you with a +0 club.
The gnoll bouda hits you with a +0 club.
* * * LOW HITPOINT WARNING * * *
Aiming: Sandblast (safe; 1% risk of failure)
Press: ? - help, Q - select action, (/) - cycle Shift-Dir - straight line, f/p - gnoll bouda
Aim: a gnoll bouda, wielding a +0 club and wearing a +0 leather armour (almost dead, 85% to hit)
The blast of sand hits the gnoll bouda!
You kill the gnoll bouda!
Your attacks no longer feel as feeble.
The gnoll is no longer moving quickly.
The gnoll hits you from afar with a +0 spear!
You die...

####.....#.##......#.
......................##.g#
..####..###########...#g..g
#..#..# #)..#.[#...#... ..
#.)'.P# #.[))).#.#[g..####.
....####..##+#...####.#.#g.g....
.............###'#....#.#.>....#
.........^.⌠....).g...#.#.......
...#######.....@ggg..........# #
+).#)###.P####....#.##.#
#..'...#..# #....#.# ####...#..#
#P.>.#.# #####..# #....#.# ....
......... ##........#.#.#
.#...#......... . ##.......####


You could see 4 gnolls.

Vanquished Creatures
  A gnoll bouda (D:4)
  Robin (D:3)
  An adder (D:3)
  A gnoll (D:4)
  A worm (D:3)
  3 dart slugs
  4 ball pythons
  9 endoplasms
  4 giant cockroaches (D:2)
  21 goblins
  5 hobgoblins
  2 jackals (D:2)
  3 quokkas (D:1)
  6 bats
  4 frilled lizards
  4 kobolds
  5 rats
75 creatures vanquished.

Notes
Turn   | Place    | Note
-------+----------+-------------------------------------------
     0 | D:1      | MacCMillion the Gargoyle Earth Elementalist began the quest
                  | for the Orb.
     0 | D:1      | Reached XP level 1. HP: 10/10 MP: 3/3
    43 | D:1      | Reached skill level 4 in Earth Magic
    72 | D:1      | Reached XP level 2. HP: 15/15 MP: 0/5
   140 | D:1      | Found a faded altar of an unknown god.
   156 | D:1      | Identified the +10 sling "Qatiest" {freeze, Fragile rPois
                  | rC+}
   331 | D:1      | Reached XP level 3. HP: 19/19 MP: 6/6
   336 | D:1      | Reached skill level 5 in Earth Magic
   340 | D:1      | Learned a level 3 spell: Stone Arrow
  1020 | D:2      | Found Naddizxe's Antique Weapon Shop.
  1323 | D:2      | Reached skill level 1 in Conjurations
  1667 | D:3      | Reached XP level 4. HP: 18/24 MP: 7/7
  1778 | D:3      | Noticed Robin
  1802 | D:3      | Killed Robin
  1955 | D:3      | Found a stormy altar of Qazlal.
  2294 | D:3      | Found an opulent altar of Gozag.
  2294 | D:3      | Found a sparkling altar of Nemelex Xobeh.
  2562 | D:4      | Reached XP level 5. HP: 28/28 MP: 5/8
  2568 | D:4      | Slain by a gnoll

Illustrated notes

Levels and vault maps discovered:
D:1:      lightli_arrival_statuegarden, layout_basic,
          hellmonk_ecumenical_altar_lost_god
D:2:      layout_rooms, serial_shops, shop
D:3:      layout_loops_ring, grunt_temple_overflow_opulence,
          nicolae_qazlal_eye_of_the_storm, uniq_robin
D:4:      corexii_shack_village, layout_basic,
          grunt_dithmenos_smoke_and_mirrors,
          mainiacjoe_overflow_surrounded_room,
          mainiacjoe_overflow_catwalk_spiral, serial_shops,
          nicolae_lakefront_shop

Skill      XL: |  1  2  3  4 |
---------------+-------------+-----
Earth Magic    | 4 5 |  5.9
Conjurations   | 1 2 |  2.5
Dodging        | |  1.5
Stealth        | |  2.2
Spellcasting   | |  2.0
Transmutations | |  0.7

Action                   |  1- 3 |  4- 6 || total
-------------------------+-------+-------++-------
Melee: Unarmed           |     1 |       ||     1
 Fire: Sling             |    43 |    21 ||    64
 Cast: Sandblast         |    21 |    29 ||    50
Armor: Robe              |     4 |     5 ||     9
Dodge: Dodged            |     3 |    17 ||    20
